Map: Acropolis LE

Players

soymilk

  • Race: Protoss Protoss
  • League: Gold
  • Spawn Location: 11:00

Mesrob - Winner!

  • Race: Terran Terran
  • League: Platinum
  • Spawn Location: 5:00

VOD

Have the link to the VOD?

Description

Time

  • Played on: July 10, 2019, 3 p.m.
  • Length: 5:25
Show
View Real Time Build Order
Export as new Build Order

soymilk Protoss 

Build Orders:  

Get SALT Encoding   

  12  0:01  Probe  
  13  0:13  Probe  
  14  0:20  Pylon  
  14  0:32  Probe  
  15  0:42  Gateway  
  15  0:44  Probe  
  16  0:56  Assimilator, Probe  
  17  1:02  Assimilator  
  17  1:08  Probe  
  18  1:15  Pylon  
  18  1:21  Probe  
  19  1:33  Cybernetics Core  
  19  1:37  Zealot  
  19  1:39  Probe  
  22  1:46  Warp Gate  
  22  1:47  Probe  
  23  1:55  Probe  
  24  2:05  Pylon  
  24  2:20  Gateway  
  24  2:21  Gateway  
  24  2:26  Gateway  
  26  2:30  Sentry  
  25  2:51  Pylon  
  25  3:26  Pylon  
  24  3:38  Sentry  
  24  3:39  Sentry  
  24  3:40  Adept x2  
  32  4:01  Zealot  
  32  4:02  Zealot  
  36  4:03  Sentry x2  
  36  4:08  Pylon  
  40  4:24  Stalker x2  
  40  4:27  Stalker x2  
  28  4:58  Stalker x3  
  32  5:10  Stalker  
Show
View Real Time Build Order
Export as new Build Order

Mesrob Terran - Winner!

Build Orders: Mech 

Get SALT Encoding   

  12  0:01  SCV  
  13  0:13  SCV  
  14  0:17  Supply Depot  
  14  0:25  SCV  
  15  0:38  SCV  
  15  0:42  Barracks  
  16  0:47  Refinery  
  16  0:50  SCV  
  17  1:06  SCV  
  18  1:18  SCV  
  19  1:30  Orbital Command  
  19  1:39  Command Center  
  19  1:44  Marine  
  20  2:06  Factory  
  20  2:12  Barracks Tech Lab  
  20  2:14  Refinery  
  20  2:23  SCV  
  21  2:54  Orbital Command  
  21  3:08  Supply Depot  
  21  3:09  Bunker  
  24  3:12  Siege Tank  
  24  3:19  Command Center  
  24  3:23  Engineering Bay  
  24  3:28  SCV  
  24  3:30  SCV  
  26  3:37  Marine  
  27  3:43  Supply Depot  
  27  3:53  Siege Tank  
  27  3:55  Marine, SCV  
  32  4:05  Supply Depot  
  32  4:06  Armory  
  32  4:16  Marine  
  35  4:31  Siege Tank  
  35  4:34  Marine, Missile Turret  
  35  4:38  Factory  
  36  4:41  Factory  
  31  5:05  Marine, Bunker  
Tags
 
Composition
Mech
Matchup
PvT
Replay Pack
sc2 replays
Spawn Locations
Cross Positions
Add a new tag
Caveats
  • Supply blocks, unpowered buildings, or Contaminate may cause inaccurate times.
  • Supply counts are checked every 10 seconds.